 Dungeon Crawl Stone Soup version 0.27-a0-994-g5030419646 (webtiles) character file.

Game seed: 1061084332977329678

92 Morbidden the Covered (level 4, 0/38 HPs)
             Began as a Demigod Fighter on Apr 16, 2021.
             Slain by an adder (4 damage)
             ... on level 3 of the Dungeon.
             The game lasted 00:01:46 (2637 turns).

Morbidden the Covered (Demigod Fighter)             Turns: 2637, Time: 00:01:47

Health: 0/38       AC:  8    Str: 21    XL:     4   Next: 13%
Magic:  6/6        EV:  7    Int: 10    God:
Gold:   88         SH:  9    Dex: 13    Spells: 3/3 levels left

rFire    . . .     SeeInvis .   a - +0 long sword
rCold    . . .     Faith    .   c - +0 kite shield
rNeg     . . .     Spirit   .   b - +0 scale mail
rPois    .         Reflect  .   (no helmet)
rElec    .         Harm     .   (no cloak)
rCorr    .         Rampage  .   i - +0 pair of gloves
Will     .....                  (no boots)
Stlth    ..........             (no amulet)
HPRegen  0.12/turn              (no ring)
MPRegen  0.10/turn              (no ring)

@: lethally poisoned (0 -> -2)
A: high mp 1, forlorn
a: no special abilities


You were on level 3 of the Dungeon.
You visited 1 branch of the dungeon, and saw 3 of its levels.

You collected 88 gold pieces.

Inventory:

Hand Weapons
 a - a +0 long sword (weapon)
Armour
 b - a +0 scale mail (worn)
 c - a +0 kite shield (worn)
 i - a +0 pair of gloves (worn)
Jewellery
 g - a ring of wizardry
Scrolls
 e - a scroll of summoning {unknown}
 f - a scroll of identify {unknown}
 h - a scroll of teleportation {unknown}
 j - a scroll of fear {unknown}
 k - 2 scrolls of acquirement {unknown}
Potions
 d - a potion of might


   Skills:
 * Level 3.0 Fighting
 * Level 3.1 Long Blades
 + Level 3.2 Armour
 * Level 0.6 Dodging
 + Level 0.1 Stealth
 + Level 3.0 Shields


You had 3 spell levels left.
You didn't know any spells.
Your spell library was empty.

Dungeon Overview and Level Annotations

Branches:
Dungeon (3/15)


Innate Abilities, Weirdness & Mutations

Your attributes grow dramatically as you level up.
You have an increased reservoir of magic. (+10% MP)
You shall have no god before yourself.


Message History

The adder closely misses you. x2
You barely miss the adder.
The adder is heavily wounded.
The adder bites you but does no damage. You block the adder's attack.
You hit the adder.
The adder is almost dead.
The adder barely misses you. You block the adder's attack.
You barely miss the adder.
The adder is almost dead.
You block the adder's attack. The adder barely misses you.
You closely miss the adder.
The adder is almost dead.
The adder barely misses you.
You riposte.
You miss the adder.
The adder is almost dead.
You block the adder's attack.
You barely miss the adder.
The adder is almost dead.
The adder barely misses you.
You miss the adder.
The adder is almost dead.
The adder bites you.
* * * LOW HITPOINT WARNING * * *
The adder bites you but does no damage. You block the adder's attack.
You miss the adder.
The adder is severely wounded.
You block the adder's attack. x2
You closely miss the adder.
The adder is severely wounded.
The adder barely misses you. The adder bites you.
* * * LOW HITPOINT WARNING * * *
You are poisoned.
The adder poisons you!
Your shield prevents you from hitting the adder.
The adder is severely wounded.
* * * LOW HITPOINT WARNING * * *
You feel sick. The adder closely misses you.
You miss the adder.
The adder is severely wounded.
You feel sick. The adder bites you.
You die...

≈≈≈≈..'..# #.#
≈≈≈≈..'.J### #.#
#.# #≈≈#.##....#
#.# #.#.# ...[.
####.# #.# #.#.#
#..# #†# #.#
#.#.# #++ #.# #.#
#.#.# #J# #.#
#.#.# #S# #.#
#.#.# #@#
#.####.#.#
#.######........#
#.............###
#############.#
###


You could see an adder and an endoplasm.

Vanquished Creatures
  4 adders
  A worm (D:2)
  2 dart slugs
  9 ball pythons
  6 bats
  6 endoplasms
  3 goblins (D:1)
  8 hobgoblins
  4 kobolds
  A quokka (D:1)
  2 frilled lizards (D:2)
  2 rats
48 creatures vanquished.

Notes
Turn   | Place    | Note
-------+----------+-------------------------------------------
     0 | D:1      | Morbidden the Demigod Fighter began the quest for the Orb.
     0 | D:1      | Reached XP level 1. HP: 18/18 MP: 3/3
   217 | D:1      | Reached XP level 2. HP: 24/25 MP: 4/4
   972 | D:2      | Reached XP level 3. HP: 26/31 MP: 5/5
  2610 | D:3      | Reached XP level 4. HP: 11/38 MP: 6/6
  2637 | D:3      | Slain by an adder

Illustrated notes

Levels and vault maps discovered:
D:1:      dpeg_arrival_tiny_a, layout_loops_cross, minmay_indecisive_spiral
D:2:      layout_basic
D:3:      layout_basic, hellmonk_ecumenical_altar_lost_god,
          kennysheep_generic_room_6

Skill      XL: |  1  2  3  4 |
---------------+-------------+-----
Long Blades    | 2 3 |  3.1
Fighting       | 3 |  3.0
Armour         | 3 |  3.2
Shields        | 3 |  3.0
Dodging        | |  0.6
Stealth        | |  0.1

Action                   |  1- 3 |  4- 6 || total
-------------------------+-------+-------++-------
Melee: Long sword        |   141 |    25 ||   166
Armor: Scale mail        |    69 |    12 ||    81
Dodge: Dodged            |    45 |    11 ||    56
Block: Kite shield       |    71 |    17 ||    88
       Rpst.: Long sword |    16 |     3 ||    19

Table legend: (Time is in decaauts)
 A = Elapsed time spent in this place.
 B = Non-inter-level travel time spent in this place.
 C = Inter-level travel time spent in this place.
 D = Time resting spent in this place.
 E = Time spent auto-exploring this place.
 F = Levels seen in this place.
 G = Mean time per level.
                   A        B        C        D        E       F      G
               +--------+--------+--------+--------+--------+-----+--------+
         Total |   2722 |   2631 |     91 |      0 |   2237 |   3 |  907.3 |
       Dungeon |   2722 |   2631 |     91 |      0 |   2237 |   3 |  907.3 |
               +--------+--------+--------+--------+--------+-----+--------+

Top non-repeatable levels by time:
     D:2: 1287 daAuts
     D:1: 980 daAuts
     D:3: 454 daAuts
